 Dungeon Crawl Stone Soup version 0.23-a0-419-g0174fd8 (webtiles) character file.

3196 Dmuffinman the Carver (level 9, -4/78 HPs)
             Began as a Minotaur Berserker on Nov 11, 2018.
             Was an Elder of Trog.
             Slain by a white ugly thing (5 damage)
             ... on level 6 of the Dungeon.
             The game lasted 00:45:06 (6056 turns).

Dmuffinman the Carver (Minotaur Berserker)          Turns: 6056, Time: 00:45:07

Health: -4/78      AC: 17    Str: 23    XL:     9   Next: 64%
Magic:  17/17      EV:  8    Int:  4    God:    Trog [****..]
Gold:   293        SH:  0    Dex: 12    Spells: 8/8 levels left

rFire    . . .     SeeInvis .   B - +0 falchion (elec)
rCold    . . .     Gourm    .   (no shield)
rNeg     . . .     Faith    .   l - +0 plate armour
rPois    .         Spirit   .   (helmet restricted)
rElec    .         Reflect  .   h - +0 cloak
rCorr    .         Harm     .   y - +0 pair of gloves
MR       .....                  (no boots)
Stlth    ..........             (no amulet)
HPRegen  0.23/turn              q - ring of stealth
MPRegen  0.15/turn              u - ring of magical power

@: no status effects
A: retaliatory headbutt, horns 2
a: Berserk, Trog's Hand, Brothers in Arms, Renounce Religion


You were on level 6 of the Dungeon.
You worshipped Trog.
Trog was greatly pleased with you.
You were hungry.

You visited 1 branch of the dungeon, and saw 7 of its levels.

You collected 293 gold pieces.

Inventory:

Hand Weapons
 A - a +2 arbalest of freezing
 B - a +0 falchion of electrocution (weapon)
Armour
 h - a +0 cloak (worn)
 l - a +0 plate armour (worn)
 x - a +0 chain mail
 y - a +0 pair of gloves (worn)
Jewellery
 q - a ring of stealth (left hand)
 u - a ring of magical power (right hand)
Scrolls
 b - 6 scrolls of remove curse {unknown}
 d - 2 scrolls of random uselessness {unknown}
 i - 5 scrolls of identify {unknown}
 j - 6 scrolls of immolation {unknown}
 m - 3 scrolls of noise {unknown}
 n - 2 scrolls of magic mapping {unknown}
 o - 4 scrolls of teleportation {unknown}
 r - a scroll of fog {unknown}
 s - a scroll of enchant weapon {unknown}
Potions
 e - a potion of haste
 f - a potion of curing {unknown}
 g - 2 potions of brilliance {unknown}
 k - 2 potions of degeneration {unknown}
 p - a potion of lignification {unknown}
 t - a potion of agility
 v - 2 potions of heal wounds {unknown}
 w - a potion of berserk rage {unknown}
 z - a potion of invisibility {unknown}
Comestibles
 a - 10 chunks of flesh
 c - 14 rations


   Skills:
 + Level 6.8 Fighting
 * Level 12.0 Long Blades
 * Level 9.7 Armour
 - Level 2.1 Dodging
 - Level 0.7 Stealth


You had 8 spell levels left.
You didn't know any spells.
Your spell library was empty.

Dungeon Overview and Level Annotations

Branches:
Dungeon (7/15)             Temple (0/1) D:5

Altars:
Dithmenos
Fedhas
Gozag
Hepliaklqana
Kikubaaqudgha
Makhleb
Okawaru
Qazlal
Vehumet
Wu Jian
Yredelemnul
Zin

Annotations:
D:7 Menkaure


Innate Abilities, Weirdness & Mutations

You reflexively headbutt those who attack you in melee.
You have a pair of horns on your head.


Message History

You closely miss the white ugly thing.
The white ugly thing gores you but does no damage.
You hit the white ugly thing but do no damage.
You slash the white ugly thing!
Lightning courses through the white ugly thing!
The white ugly thing is moderately wounded.
The white ugly thing gores you but does no damage.
You hit the white ugly thing but do no damage.
The white ugly thing is moderately wounded.
The white ugly thing gores you but does no damage.
You hit the white ugly thing.
The white ugly thing is moderately wounded.
You hit the white ugly thing.
The white ugly thing is moderately wounded.
The white ugly thing gores you. The white ugly thing freezes you!!
* * * LOW HITPOINT WARNING * * *
You hit the white ugly thing but do no damage.
The white ugly thing is moderately wounded.
The white ugly thing gores you.
You die...

.### ###...#..# #..#..#..#.
...###...♣....# #.....#....
...........#..# #.....#Z.(.
....<....####.###################
##.....### #.................)).
.##.♣.## ##................)))
##.....### ###.##################
....<....###...#......#.....#....
...........###.#@.....#.)...#....
...###...♣...#.#u###..#..#..#..#.
.### ###...#...#?$ #..#..#..#..#.
##.# ##'###..#.[.#.....#.....#.
...# ##..##..##)?)#.....#.....#.
..## ##...#...###################
..####.......## ##......>.##
.###....##.### #..........#
.............# #..........#


You could see a white ugly thing.

Vanquished Creatures
  A two-headed ogre (D:6)
  An orc warrior (D:6)
  4 phantoms
  8 ogres
  A centaur (D:6)
  A bullfrog (D:6)
  2 scorpions
  A jelly (D:6)
  2 crimson imps (D:5)
  4 orc priests
  11 orc wizards
  Natasha (thrice) (D:4)
  5 iguanas
  6 worker ants
  A hound zombie (D:5)
  A hound skeleton (D:5)
  7 gnolls
  A howler monkey skeleton (D:6)
  11 adders
  2 shadow imps (D:6)
  An adder skeleton (D:4)
  3 worms
  2 dart slugs
  3 leopard geckos
  29 orcs
  A ball python (D:5)
  6 bats
  5 giant cockroaches
  4 goblins (D:2)
  2 hobgoblins
  10 jackals
  A quokka (D:5)
  6 frilled lizards
  A jackal zombie (D:6)
  4 kobolds
  A leopard gecko skeleton (D:6)
  A leopard gecko zombie (D:5)
  2 rats
155 creatures vanquished.

Notes
Turn   | Place    | Note
-------+----------+-------------------------------------------
     0 | D:1      | Dmuffinman the Minotaur Berserker began the quest for the
                  | Orb.
     0 | D:1      | Reached XP level 1. HP: 19/19 MP: 0/0
   322 | D:2      | Reached skill level 4 in Long Blades
   326 | D:2      | Reached XP level 2. HP: 25/27 MP: 1/1
   845 | D:2      | Reached XP level 3. HP: 33/33 MP: 2/2
   990 | D:3      | Noticed an ogre
   995 | D:3      | Reached ** piety under Trog
  1217 | D:2      | Reached XP level 4. HP: 41/41 MP: 3/3
  1221 | D:2      | Reached skill level 5 in Long Blades
  1269 | D:2      | Found an opulent altar of Gozag.
  1512 | D:2      | Noticed an ogre
  1523 | D:2      | Killed an ogre
  1523 | D:2      | Reached skill level 6 in Long Blades
  1523 | D:2      | Reached XP level 5. HP: 41/47 MP: 4/4
  1529 | D:2      | Found a blossoming altar of Fedhas.
  1791 | D:3      | Found a basalt altar of Yredelemnul.
  1955 | D:4      | Reached XP level 6. HP: 54/55 MP: 5/5
  2057 | D:4      | Found a stormy altar of Qazlal.
  2624 | D:5      | Entered Level 5 of the Dungeon
  2703 | D:4      | Noticed Natasha
  2709 | D:4      | Killed Natasha
  2709 | D:4      | Reached *** piety under Trog
  2733 | D:4      | Reached skill level 5 in Fighting
  2733 | D:4      | Reached skill level 7 in Long Blades
  2733 | D:4      | Reached skill level 5 in Armour
  2734 | D:4      | Reached XP level 7. HP: 32/61 MP: 6/6
  2954 | D:4      | Found a shadowy altar of Dithmenos.
  2972 | D:4      | Noticed Natasha
  2986 | D:4      | Killed Natasha
  3017 | D:4      | Found an ancient bone altar of Kikubaaqudgha.
  3017 | D:4      | Found an iron altar of Okawaru.
  3022 | D:4      | Noticed Natasha
  3033 | D:4      | Killed Natasha
  3230 | D:5      | Upgraded the game from 0.23-a0-417-gf02c810 to
                  | 0.23-a0-419-g0174fd8
  3266 | D:5      | Reached skill level 8 in Long Blades
  3385 | D:5      | Reached XP level 8. HP: 47/68 MP: 7/7
  3978 | D:6      | Reached skill level 9 in Long Blades
  4032 | D:5      | Found a radiant altar of Vehumet.
  4110 | D:6      | Noticed a two-headed ogre
  4135 | D:5      | Found a staircase to the Ecumenical Temple.
  4241 | D:5      | Reached **** piety under Trog
  4617 | D:6      | Reached skill level 10 in Long Blades
  4654 | D:7      | Found an ornate altar of the Wu Jian Council.
  4942 | D:7      | Noticed Menkaure
  5200 | D:6      | Found a glowing silver altar of Zin.
  5212 | D:6      | Found a burning altar of Makhleb.
  5214 | D:6      | Noticed a cacodemon
  5293 | D:6      | Killed a two-headed ogre
  5293 | D:6      | Reached skill level 11 in Long Blades
  5293 | D:6      | Reached XP level 9. HP: 40/78 MP: 8/8
  5301 | D:6      | Found a hazy altar of Hepliaklqana.
  5942 | D:6      | Reached skill level 12 in Long Blades
  6047 | D:6      | Noticed a white ugly thing
  6055 | D:6      | HP: 1/78 [white ugly thing (31)]
  6056 | D:6      | Slain by a white ugly thing

Vault maps used:
D:1:      dpeg_arrival_oval, minmay_door_square
D:2:      marbit_many_paths, old_standard_altar
D:3:      yredelemnul_altar_generic
D:4:      grunt_dithmenos_smoke, old_standard_altar,
          gammafunk_temple_overflow_wave, palyth_stone_intersect, uniq_natasha
D:5:      overflow_temple_1_default, temple_green, serial_bayou,
          serial_bayou_shore_b, serial_bayou_lagoon_a, serial_bayou_ford_a,
          serial_bayou_pond_d, first_ration,
          hangedman_abyss_or_decor_jellyfish_corner
D:6:      kennysheep_windowed_halls, makhleb_altar_promises_db,
          overflow_temple_1_default, kennysheep_little_box, grunt_ministairs_13
D:7:      overflow_temple_1_default, uniq_menkaure

Skill      XL: |  1  2  3  4  5  6  7  8  9 |
---------------+----------------------------+-----
Long Blades    | 4 6 7 8 11 12 | 12.0
Fighting       | 4 5 6 |  6.8
Armour         | 3 4 5 6 8 9 |  9.7
Dodging        | |  2.1
Stealth        | |  0.7

Action                   |  1- 3 |  4- 6 |  7- 9 || total
-------------------------+-------+-------+-------++-------
Melee: Falchion          |    52 |   103 |   320 ||   475
       Headbutt          |     8 |    22 |    63 ||    93
Invok: Berserk           |       |     2 |     3 ||     5
       Trog's Hand       |       |       |     1 ||     1
  Eat: Chunk             |     1 |     6 |    14 ||    21
Armor: Leather armour    |     2 |       |       ||     2
       Ring mail         |    20 |    26 |    34 ||    80
       Chain mail        |       |       |    95 ||    95
       Plate armour      |       |       |    21 ||    21
Dodge: Dodged            |    30 |    40 |   140 ||   210
       Rpst.: Falchion   |     6 |     8 |    47 ||    61

Table legend:
 A = Non-vault XP
 B = Vault XP
 C = Vault XP percentage of total XP
 D = Non-vault monster count
 E = Vault monster count
 F = Vault count percentage of total count
                 A         B        C        D         E       F
            +---------+---------+-------+---------+---------+-------
      Total |    3154 |    1413 |  30.9 |     142 |      13 |   8.4
            +---------+---------+-------+---------+---------+-------
        D:1 |      16 |       0 |   0.0 |       8 |       0 |   0.0
        D:2 |     254 |       1 |   0.4 |      26 |       1 |   3.7
        D:3 |     100 |       0 |   0.0 |      18 |       0 |   0.0
        D:4 |     621 |      37 |   5.6 |      22 |       1 |   4.3
        D:5 |     670 |       0 |   0.0 |      28 |       0 |   0.0
        D:6 |    1428 |    1375 |  49.1 |      36 |      11 |  23.4
        D:7 |      65 |       0 |   0.0 |       4 |       0 |   0.0
            +---------+---------+-------+---------+---------+-------
